 Dungeon Crawl Stone Soup version 0.28.0-53-g5a82cb258f (webtiles) character file.

Game seed: 11979142261433814195

1054 SanguineChosen the Chopper (level 8, -1/70 HPs)
             Began as a Minotaur Berserker on Aug 5, 2022.
             Was a Priest of Trog.
             Slain by a gnoll sergeant zombie
             ... wielding a +1 spear of venom
              (6 damage)
             ... on level 5 of the Dungeon.
             The game lasted 00:17:24 (6114 turns).

SanguineChosen the Chopper (Minotaur Berserker)     Turns: 6114, Time: 00:17:25

Health: -1/70      AC: 12    Str: 25    XL:     8   Next: 5%
Magic:  7/7        EV:  9    Int: 10    God:    Trog [***...]
Gold:   276        SH:  0    Dex:  9    Spells: 7/7 levels left

rFire   + . .      SeeInvis +   a - +0 hand axe
rCold   + . .      Faith    .   (no shield)
rNeg    . . .      Spirit   .   f - +0 chain mail
rPois   +          Reflect  .   (helmet restricted)
rElec   +          Harm     .   (no cloak)
rCorr   +          Rampage  .   q - +1 pair of gloves
Will    ++...                   (no boots)
Stlth   ..........              (no amulet)
HPRegen 1.21/turn               i - ring of see invisible
MPRegen 0.10/turn               e - +6 ring of intelligence

@: lethally poisoned (-1 -> -2), resistant, strong-willed, regenerating
A: horns 2, retaliatory headbutt
a: Renounce Religion, Berserk, Trog's Hand


You were on level 5 of the Dungeon.
You worshipped Trog.
Trog was most pleased with you.
You visited 1 branch of the dungeon, and saw 5 of its levels.
You also visited: Sewer.

You collected 276 gold pieces.

Inventory:

Hand Weapons
 a - a +0 hand axe (weapon)
 k - a +1 antimagic mace
Armour
 f - a +0 chain mail (worn)
 q - a +1 pair of gloves (worn)
Jewellery
 e - a +6 ring of intelligence (right hand)
 i - a ring of see invisible (left hand)
Wands
 j - a wand of paralysis (3)
 l - a wand of acid (11)
 w - a wand of flame (6)
 x - a wand of mindburst (20)
Scrolls
 c - 5 scrolls of teleportation
 d - a scroll of enchant weapon
 h - 2 scrolls of magic mapping {unknown}
 m - 2 scrolls of vulnerability {unknown}
 n - a scroll of fear {unknown}
 o - 2 scrolls of enchant armour {unknown}
 r - a scroll of brand weapon
 s - a scroll of summoning
 v - a scroll of fog {unknown}
Potions
 g - a potion of haste {unknown}
 p - a potion of resistance
 t - 2 potions of lignification


   Skills:
 + Level 5.7 Fighting
 + Level 5.8 Axes
 + Level 5.0 Armour
 + Level 4.6 Dodging
 + Level 4.5 Shields
 + Level 3.2 Evocations


You had 7 spell levels left.
You didn't know any spells.
Your spell library was empty.

Dungeon Overview and Level Annotations

Branches:
Dungeon (5/15)              Sewer (visited)
 Temple: D:4-7

Altars:

Shops:
D:4 [

Annotations:
D:5 1 transporter


Innate Abilities, Weirdness & Mutations

You have a pair of horns on your head.
You reflexively headbutt those who attack you in melee.


Message History

You slash the orc warrior zombie!
The orc warrior zombie is heavily damaged.
You feel very sick.
The orc warrior zombie completely misses you.
You furiously retaliate!
You headbutt the orc warrior zombie! You barely miss the orc warrior zombie.
The orc warrior zombie is almost destroyed.
You feel very sick.
The gnoll sergeant zombie hits you from afar with a +1 spear of venom.
* * * LOW HITPOINT WARNING * * *
The orc warrior zombie hits you but does no damage.
You hit the orc warrior zombie but do no damage.
The orc warrior zombie is almost destroyed.
You feel sick. The gnoll sergeant zombie misses you.
You hit the orc warrior zombie.
You destroy the orc warrior zombie!
Trog accepts your kill.
You feel sick.
The gnoll sergeant zombie completely misses you.
You feel sick.
The gnoll sergeant zombie barely misses you.
You feel sick.
Aiming: Throw Flame
Press: ? - help, Q - select action, (/) - cycle Shift-Dir - straight line, f - gnoll sergeant zombie
Aim: a gnoll sergeant zombie, wielding a +1 spear of venom (94% to hit)
The puff of flame hits the gnoll sergeant zombie.
The gnoll sergeant zombie is lightly damaged.
You feel sick.
The gnoll sergeant zombie barely misses you.
Aiming: Throw Flame
Press: ? - help, Q - select action, (/) - cycle Shift-Dir - straight line, f/p - gnoll sergeant zombie
Aim: a gnoll sergeant zombie, wielding a +1 spear of venom (lightly damaged, 94% to hit)
The puff of flame hits the gnoll sergeant zombie!
The gnoll sergeant zombie is moderately damaged.
You feel sick.
The gnoll sergeant zombie hits you from afar with a +1 spear of venom.
* * * LOW HITPOINT WARNING * * *
You feel sick.
The gnoll sergeant zombie hits you with a +1 spear of venom.
You die...

.........#......'......#.....#...
.........#......#......#.....#...
..#####'##...>..##'##'##.....#..#
..##..............#######....#..#
...#.......########.○☼°.#....#...
...'.......#☼°°○°°#.☼°○○#..>.#...
'###.......#°☼○°○☼#○○☼☼☼#....#.##
.......##..#○○#.#.○☼°.$!#...##>##
.......#..©#○.©.@.○☼○.?©#©..#...#
.......'...#☼☼#.#Z○○☼.$[#...#...#
....)).##.##○☼○..☼#○☼○○○#...#####
#####)###.##☼°☼☼○°#.☼°○°#......##
...#)...'..########○°☼☼.#......#.
...'....#.........#######......#.
#..#######...####..# #.......##
######.###...####..######'#......
#..<......................#......


You could see a gnoll sergeant zombie.

Vanquished Creatures
  Pikel (D:4)
  A lemure (D:4)
  A water moccasin zombie (D:5)
  A water moccasin skeleton (D:5)
  A howler monkey (D:5)
  A hound (D:5)
  2 jellies
  A centaur skeleton (D:5)
  An iguana (D:5)
  An orc wizard (D:5)
  Ijyb (D:3)
  An ogre zombie (D:5)
  A hound skeleton (D:5)
  Robin (D:4)
  An orc zombie (D:5)
  6 adders
  4 river rats (Sewer)
  An ufetubus (D:4)
  4 worms
  2 dart slugs
  4 orcs
  9 ball pythons
  5 bats
  6 endoplasms
  2 giant cockroaches (D:2)
  11 goblins
  6 hobgoblins
  7 jackals
  8 kobolds
  3 quokkas
  5 frilled lizards
  12 rats
111 creatures vanquished.

Notes
Turn   | Place    | Note
-------+----------+-------------------------------------------
     0 | D:1      | SanguineChosen the Minotaur Berserker began the quest for
                  | the Orb.
     0 | D:1      | Reached XP level 1. HP: 19/19 MP: 0/0
   485 | D:1      | Reached XP level 2. HP: 26/27 MP: 1/1
  1430 | D:2      | Reached skill level 1 in Shields
  1480 | D:2      | Reached XP level 3. HP: 32/33 MP: 2/2
  1657 | D:2      | Reached skill level 1 in Evocations
  1685 | D:2      | Reached ** piety under Trog
  2466 | D:3      | Reached XP level 4. HP: 40/40 MP: 3/3
  2563 | D:3      | Noticed Ijyb
  2575 | D:3      | Killed Ijyb
  3347 | D:4      | Found a glowing drain.
  3373 | Sewer    | Entered a sewer
  3452 | Sewer    | Reached XP level 5. HP: 45/47 MP: 4/4
  3694 | Sewer    | Reached *** piety under Trog
  4055 | D:4      | Noticed Robin
  4068 | D:4      | Killed Robin
  4348 | D:4      | Found Suliti Akuf's Armour Shop.
  4366 | D:4      | Reached XP level 6. HP: 50/53 MP: 5/5
  4725 | D:5      | Entered Level 5 of the Dungeon
  4725 | D:5      | Noticed Pikel
  4758 | D:4      | Killed Pikel
  4759 | D:4      | Reached skill level 5 in Fighting
  4759 | D:4      | Reached skill level 5 in Axes
  4759 | D:4      | Reached XP level 7. HP: 25/61 MP: 6/6
  5085 | D:5      | Found a transporter.
  5147 | D:5      | Found a transporter.
  5703 | D:5      | Reached skill level 5 in Armour
  5703 | D:5      | Reached XP level 8. HP: 65/70 MP: 7/7
  6114 | D:5      | Slain by a gnoll sergeant zombie

Illustrated notes

Levels and vault maps discovered:
D:1:      minmay_arrival_loop, layout_basic, st_stairs_14
D:2:      layout_loops_cross, roderic_serpentine_path, minmay_misc_feat_chi,
          mrwooster_statue_mirror
D:3:      layout_basic, uniq_ijyb
D:4:      layout_loops_ring, cheibrodos_sewer_entry_drain, serial_shops, shop,
          uniq_robin
D:5:      gammafunk_cloud_chamber, layout_gridville, nrook_mini_backslash,
          uniq_pikel

Skill      XL: |  1  2  3  4  5  6  7 |
---------------+----------------------+-----
Shields        | 1 2 3 4 |  4.5
Fighting       | 4 5 |  5.7
Axes           | 4 5 |  5.8
Evocations     | 1 2 3 |  3.2
Armour         | 3 4 5 |  5.0
Dodging        | 3 4 |  4.6

Action                   |  1- 3 |  4- 6 |  7- 9 || total
-------------------------+-------+-------+-------++-------
Melee: Hand axe          |   102 |   150 |    60 ||   312
       Headbutt          |    16 |    27 |    12 ||    55
       Punch             |     1 |     1 |     2 ||     4
Invok: Trog's Hand       |       |       |     1 ||     1
Evoke: Wand              |       |     1 |     2 ||     3
  Use: Scroll            |     2 |    10 |       ||    12
       Potion            |       |     4 |     2 ||     6
Armor: Animal skin       |     5 |       |       ||     5
       Chain mail        |    46 |    88 |    46 ||   180
Dodge: Dodged            |    42 |    55 |    27 ||   124
